Description

Has v Dream Has v Cure (Lowko vid)

Use on Romanticide

Replay - Dream v Has: Game 1 - Romanticide LE

Build Order

Get SALT Encoding   

  12  0:00  Probe  
  13  0:12  Probe  
  14  0:18  Pylon  
  14  0:24  Probe (Chrono Boost)  
  15  0:38  Probe x2 (Chrono Boost), Gateway  
  16  0:48  Assimilator  
  17  0:53  Probe  
  18  1:05  Probe  
  19  1:17  Nexus  
  19  1:27  Cybernetics Core  
  19  1:31  Probe  
  20  1:36  Assimilator  
  20  1:44  Pylon  
  20  1:46  Probe  
  21  1:58  Probe  
  21  2:00  Adept (Chrono Boost)  
  22  2:04  Warp Gate (Chrono Boost)  
  25  2:20  Stalker (Chrono Boost)  
  28  2:31  Twilight Council  
  31  2:44  Adept  
  39  3:21  Dark Shrine  
  39  3:28  Pylon  
  39  3:29  Gateway  
  40  3:38  Shield Battery  
  42  3:43  Pylon  
  44  3:49  Stalker  
  46  3:57  Nexus  
  48  4:10  Blink (Chrono Boost)  
  48  4:13  Pylon  
  50  4:17  Assimilator  
  52  4:33  Dark Templar x2  
  57  4:41  Forge x2  
  62  5:18  Stalker x2, Protoss Ground Weapons Level 1 (Chrono Boost)  
  67  5:26  Protoss Ground Armor Level 1 (Chrono Boost)  
  70  5:29  Gateway x2  
  70  5:35  Nexus  
  75  5:53  Gateway x2  
  77  6:03  Nexus  
  77  6:04  Charge  
  77  6:09  Sentry, Dark Templar  
  83  6:15  Robotics Facility  
  88  6:35  Gateway x3  
  89  6:42  Gateway  
  89  6:45  Stalker x2  
  93  6:52  Stalker x2  
  98  7:08  Protoss Ground Weapons Level 2 (Chrono Boost)  
  102  7:14  Protoss Ground Armor Level 2 (Chrono Boost)  
  102  7:15  Zealot x6  
  120  7:37  Zealot x4  
  136  7:44  Archon  
  142  8:43  Shadow Stride (Chrono Boost)  
  168  8:59  Nexus  
  141  9:26  Observer (Chrono Boost)  
  152  9:50  Stalker x2  
Spawning Tool Build Advisor. Get it on Overwolf

Analysis

Zealot good unit

Go to:

Details

  • Created by: Zarmoxis
  • Published on: May 15, 2021
  • Modified on: May 15, 2021
  • Patch: 4.11.0
  • Difficulty: Medium
Show
View Real Time Build Order
Export as new Build Order

Comments (1)

On July 7, 2021, 12:49 p.m., ExtremelyLng  said:

Build begins at 17:35 of VOD: https://youtu.be/UxpewWzaoJQ

Create an account to comment!